 Dungeon Crawl Stone Soup version 0.23-a0-54-gae6112e (webtiles) character file.

7 Amnesiac the Gusty (level 1, -1/13 HPs)
             Began as a Mummy Air Elementalist on Aug 8, 2018.
             Slain by a quokka (4 damage)
             ... on level 3 of the Dungeon.
             The game lasted 00:01:51 (1201 turns).

Amnesiac the Gusty (Mummy Air Elementalist)         Turns: 1201, Time: 00:01:52

Health: -1/13      AC:  3    Str: 11    XL:     1   Next: 83%
Magic:  4/4        EV: 11    Int: 14    God:
Gold:   42         SH:  0    Dex: 12    Spells: 4/5 levels left

rFire    x . .     SeeInvis .   a - +0 flail
rCold    + . .     Gourm    .   (no shield)
rNeg     + + +     Faith    .   d - +0 leather armour
rPois    ∞         Spirit   .   (no helmet)
rElec    .         Reflect  .   (no cloak)
rCorr    .         Harm     .   (no gloves)
MR       +....                  (no boots)
Stlth    +.........             (no amulet)
HPRegen  0.04/turn              f - ring of protection from magic
MPRegen  0.09/turn              (no ring)

@: no status effects
A: no food or potions, fire vulnerability, cold resistance 1, negative energy
resistance 3, torment resistance, unbreathing
a: no special abilities


You were on level 3 of the Dungeon.
You were not hungry.

You visited 1 branch of the dungeon, and saw 4 of its levels.

You collected 42 gold pieces.

Inventory:

Hand Weapons
 a - a +0 flail (weapon)
Missiles
 b - 43 stones (quivered)
Armour
 d - a +0 leather armour (worn)
Jewellery
 f - a ring of protection from magic (left hand)
Scrolls
 c - a scroll of remove curse {!r}


   Skills:
 - Level 1.5 Dodging
 - Level 1.5 Stealth
 + Level 2.7 Spellcasting
 - Level 0.7 Conjurations
 * Level 2.8 Air Magic


You had 4 spell levels left.
You knew the following spells:

 Your Spells              Type           Power        Failure   Level  Hunger
w - Shock                 Conj/Air       #...         14%         1    N/A

Your spell library contained the following spells:

 Spells                   Type           Power        Failure   Level  Hunger
 Lightning Bolt           Conj/Air       #.........   98%         5    N/A
 Swiftness                Chrm/Air       #.......     24%         2    N/A
 Airstrike                Air            #.........   65%         4    N/A
 Static Discharge         Conj/Air       #.......     38%         3    N/A

Dungeon Overview and Level Annotations

Branches:
Dungeon (4/15)
 Temple: D:4-7

Altars:

Annotations:
D:2 exclusion: adder


Innate Abilities, Weirdness & Mutations

You do not eat or drink.
Your flesh is vulnerable to fire.
You are immune to poison.
Your flesh is cold resistant. (rC+)
You are immune to negative energy. (rN+++)
You are immune to unholy pain and torment.
You can survive without breathing.


Message History

You climb upwards.
Level annotation: exclusion: adder
There is a stone staircase leading down here.
You start resting.
HP restored.
You start resting.
HP restored.
You climb downwards.
The orc hits you with a flail.
There is a stone staircase leading up here.
You hit the orc.
The orc is heavily wounded.
The orc closely misses you.
You closely miss the orc.
The orc is heavily wounded.
The orc hits you with a flail.
You closely miss the orc.
The orc is heavily wounded.
The orc barely misses you. The orc hits you with a flail.
You hit the orc.
You kill the orc!
No target in view!
No target in view!
Things that are here:
a flail; a leather armour; a purple potion {!q}
a - a flail Wield which item (- for none, * to show all)? (? for menu, Esc to quit)
a - a +0 flail (weapon)
Drop what? 6/52 slots (_ for help) (? for menu, Esc to quit)
You drop a +0 club.
You start resting.
HP restored.
A necrophage comes into view.
A necrophage is nearby!
Press: ? - help, v - describe, . - travel
Here: a necrophage The floor.
Things that are here:
a +0 club; a leather armour; a purple potion {!q}
There is a stone staircase leading up here.
You climb upwards.
Level annotation: exclusion: adder
There is a stone staircase leading down here.
HP restored.
Found 19 arrows.
You see here 19 arrows.
You open the door.
There is an open door here.
Found a stone staircase leading down.
There is a stone staircase leading down here.
You climb downwards.
A quokka and an orc come into view.
There is a stone staircase leading up here.
The orc shouts!
The orc hits you.
You closely miss the orc. The orc hits you.
* * * LOW HITPOINT WARNING * * *
You hit the orc.
The orc is severely wounded.
The orc barely misses you. The orc hits you.
* * * LOW HITPOINT WARNING * * *
You are too injured to fight recklessly!
The orc misses you. The quokka bites you.
You die...

...... .. ..... .. #...# .#
#..######...##.####
#..#...............
#..#.[.....<##.#######>#..#
#..#....###..o.........#..
#......# ##r.............
#..#..# ##@........... #
.###.g#..# #...####...##.#
.........## ##.#...........
#.###.###.##
##.#######...## #.#
##.###....>........# # #.#
##...########.###.# #.# #.#
##### #.# #.# #.# #.#
#.###S# #.###.# #.....#


You could see an orc and a quokka.

Vanquished Creatures
  An orc (D:3)
  A bat (D:2)
  A goblin (D:3)
  A hobgoblin (D:3)
  A rat (D:2)
5 creatures vanquished.

Notes
Turn   | Place    | Note
-------+----------+-------------------------------------------
     0 | D:1      | Amnesiac the Mummy Air Elementalist began the quest for the Orb.
     0 | D:1      | Reached XP level 1. HP: 13/13 MP: 4/4
   677 | D:4      | Noticed a hound
  1108 | D:3      | Noticed a necrophage
  1201 | D:3      | Slain by a quokka

Vault maps used:
D:1:      dpeg_arrival_signposts, minmay_rat_gold_closets
D:3:      grunt_temple_overflow_open, first_ration
D:4:      minmay_temple_entry_poolview, serial_shops, shop, st_stairs_13,
          minmay_close_crescents, uniq_sigmund

Action                   || total
-------------------------++-------
Melee: Unarmed           ||    21
       Club              ||    20
       Flail             ||     2
Throw: Stone             ||     1
  Use: Scroll            ||     3
 Stab: Sleeping          ||     1
Armor: Leather armour    ||     6
Dodge: Dodged            ||    30

Table legend:
 A = Spawn XP
 B = Non-spawn XP
 C = Spawn XP percentage of total XP
 D = Spawn monster count
 E = Non-spawn monster count
 F = Spawn count percentage of total count
 G = Total turns spent on level
                    A         B        C        D         E        F      G
               +---------+---------+-------+---------+---------+-------+---------
         Total |       0 |      10 |   0.0 |       0 |       5 |   0.0 |  1201
               +---------+---------+-------+---------+---------+-------+---------
           D:2 |       0 |       3 |   0.0 |       0 |       2 |   0.0 |   443
           D:3 |       0 |       7 |   0.0 |       0 |       3 |   0.0 |   702
               +---------+---------+-------+---------+---------+-------+---------
